 Dungeon Crawl Stone Soup version 0.21.1-1-g345015fe64 (webtiles) character file.

193 IceCat the Shield-Bearer (level 5, -2/33 HPs)
             Began as a Gargoyle Fighter on July 30, 2018.
             Slain by an ogre
             ... wielding a +0 giant club
              (20 damage)
             ... on level 4 of the Dungeon.
             The game lasted 00:08:54 (2657 turns).

IceCat the Shield-Bearer (Gargoyle Fighter)         Turns: 2657, Time: 00:08:55

Health: -2/33      AC: 21    Str: 20    XL:     5   Next: 72%
Magic:  5/5        EV:  8    Int:  9    God:
Gold:   119        SH:  9    Dex:  9    Spells: 4/4 levels left

rFire    . . .     SeeInvis .   m - +1 mace (protect)
rCold    . . .     Gourm    .   c - +0 shield
rNeg     + . .     Faith    .   y - +0 scale mail (curse)
rPois    ∞         Spirit   .   (no helmet)
rElec    +         Reflect  .   w - +1 cloak
rCorr    .         Harm     .   x - +0 pair of gloves
MR       .....                  (no boots)
Stlth    ..........             (no amulet)
HPRegen  0.11/turn              (no ring)
MPRegen  0.09/turn              (no ring)

@: protection aura
A: negative energy resistance 1, electricity resistance, unbreathing,
petrification resistance, rot immunity, AC +4
a: no special abilities


You were on level 4 of the Dungeon.
You were not hungry.

You visited 1 branch of the dungeon, and saw 4 of its levels.

You collected 119 gold pieces.

Inventory:

Hand Weapons
 a - a +0 flail
 m - a +1 mace of protection (weapon)
Armour
 c - a +0 shield (worn)
 w - a +1 cloak (worn)
 x - a +0 pair of gloves (worn)
 y - a cursed +0 scale mail (worn)
Wands
 v - a wand of disintegration (18)
Scrolls
 g - 4 scrolls of identify {unknown}
 h - a scroll of remove curse {unknown}
 i - 2 scrolls of amnesia {unknown}
 l - a scroll of immolation {unknown}
 n - 2 scrolls of noise {unknown}
 p - 2 scrolls of fear {unknown}
 s - a scroll of blinking {unknown}
 u - a scroll of teleportation {unknown}
Potions
 d - a potion of might
 e - 2 potions of curing {unknown}
 j - a potion of magic {unknown}
 k - a potion of mutation {unknown}
 o - a potion of flight {unknown}
 r - 2 potions of haste {unknown}
 t - a potion of ambrosia {unknown}
Books
 q - a book of Misfortune

   Spells                             Type                      Level
   a - Confusing Touch                Hexes                        1
   b - Confuse                        Hexes                        3
   c - Gell's Gravitas                Translocation                3
   d - Petrify                        Transmutation/Earth          4
   e - Metabolic Englaciation         Hexes/Ice                    5
   f - Yara's Violent Unravelling     Hexes/Transmutation          5
Comestibles
 f - 8 rations
 z - 3 chunks of flesh


   Skills:
 + Level 3.8 Fighting
 * Level 3.9 Maces & Flails
 + Level 3.8 Armour
 + Level 1.3 Dodging
 + Level 4.0 Shields
 * Level 1.0 Evocations


You had 4 spell levels left.
You didn't know any spells.

Dungeon Overview and Level Annotations

Branches:
Dungeon (4/15)
 Temple: D:4-7

Altars:


Innate Abilities, Weirdness & Mutations

You are resistant to torment.
Your stone body is resilient. (AC +4)
You are immune to poison.
You resist negative energy. (rN+)
You are resistant to electric shocks. (rElec)
You can survive without breathing.
You are immune to petrification.
You are immune to rotting.


Message History

Your weapon exudes an aura of protection.
The ogre is heavily wounded.
The ogre barely misses you.
You sock the ogre!
The ogre is severely wounded.
The ogre hits you with a giant club.
You barely miss the ogre.
The ogre is severely wounded.
The ogre barely misses you.
You completely miss the ogre.
The ogre is severely wounded.
The ogre hits you but does no damage.
You hit the ogre.
The ogre is severely wounded.
The ogre hits you with a giant club.
You closely miss the ogre.
The ogre is severely wounded.
The ogre hits you with a giant club!!
Ouch! That really hurt!
You die...

...... ...# #....
...##.# ####....
...##.# #.......
#[.##.# #.......
#..##.# #.......
#.###..##.#
##.......
#...O..##.#
#........ #@# #.#
#........ #.###'##
#........
##......###....####
#...<...'..........
#.......###########
#........#
........###
.........+
#.........#


You could see an ogre.

Vanquished Creatures
  2 worker ants (D:4)
  3 gnolls (D:2)
  5 adders
  An adder skeleton (D:4)
  A worm (D:3)
  3 orcs (D:3)
  3 giant cockroaches
  9 goblins
  10 hobgoblins
  6 jackals
  8 kobolds
  6 ball pythons
  6 bats
  A frilled lizard (D:3)
  4 rats
68 creatures vanquished.

Notes
Turn   | Place    | Note
-------+----------+-------------------------------------------
     0 | D:1      | IceCat the Gargoyle Fighter began the quest for the Orb.
     0 | D:1      | Reached XP level 1. HP: 14/14 MP: 1/1
   120 | D:1      | Reached XP level 2. HP: 19/19 MP: 2/2
   537 | D:1      | Reached XP level 3. HP: 11/24 MP: 3/3
  1045 | D:2      | Reached XP level 4. HP: 25/29 MP: 4/4
  2216 | D:3      | Reached XP level 5. HP: 33/33 MP: 5/5
  2459 | D:4      | Reached skill level 4 in Shields
  2475 | D:4      | Reached skill level 1 in Dodging
  2536 | D:4      | Reached skill level 1 in Evocations
  2650 | D:4      | Noticed an ogre
  2657 | D:4      | Slain by an ogre

Skill      XL: |  1  2  3  4  5 |
---------------+----------------+-----
Maces & Flails | 3 |  3.9
Shields        | 4 |  4.0
Dodging        | 1 |  1.3
Evocations     | 1 |  1.0
Fighting       | |  3.8
Armour         | |  3.8

Action                   |  1- 3 |  4- 6 || total
-------------------------+-------+-------++-------
Melee: Flail             |    73 |       ||    73
       Mace              |    42 |   171 ||   213
  Eat: Chunk             |       |     6 ||     6
Armor: Scale mail        |    60 |   112 ||   172
Dodge: Dodged            |    42 |    76 ||   118
Block: Shield            |    54 |   116 ||   170
